 Dungeon Crawl Stone Soup version 0.31-a0-672-g7da72447bb (webtiles) character file.

Game seed: 4743574275130332622

3886 Dirtsage the Mimic (level 10, -2/69 HPs)
             Began as an Octopode Shapeshifter on Sept 4, 2023.
             Was an Initiate of the Shining One.
             Slain by a killer bee (6 damage)
             ... on level 9 of the Dungeon.
             The game lasted 00:17:59 (9803 turns).

Dirtsage the Mimic (Octopode Shapeshifter)          Turns: 9803, Time: 00:18:00

Health: -2/69      AC:  1    Str: 15    XL:     10   Next: 19%
Magic:  19/19      EV: 13    Int: 15    God:    the Shining One [......]
Gold:   581        SH:  0    Dex: 12    Spells: 9/9 levels left

rFire   . .          .
                       - Unarmed
rCold   . . .        (shield currently unavailable)
rNeg    + . .        (helmet restricted)
rPois   .            (no amulet)
rElec   .            N - ring of positive energy
rCorr   .            f - ring of magical power
SInv    .            e - ring of willpower
Will    +....        p - ring of flight
Stlth   +            (no ring)
HPRegen 0.31/turn    (no ring)
MPRegen 0.16/turn    (no ring)
                     (no ring)

%: no passive effects
@: lethally poisoned (-2 -> -10), flux-form, flying, glowing
A: glow, contaminating, almost no armour, amphibious, 8 rings, camouflage 1,
gelatinous body 1, (nimble swimmer 1), tentacles
a: Begin Untransformation, Renounce Religion


You were on level 9 of the Dungeon.
You worshipped the Shining One.
The Shining One was noncommittal.
You were something dangerously unstable.
You visited 2 branches of the dungeon, and saw 10 of its levels.

You collected 581 gold pieces.

Inventory:

Missiles
 B - 3 throwing nets
Jewellery
 e - a ring of willpower (on tentacle)
 f - a ring of magical power (right tentacle)
 p - a ring of flight (on tentacle)
 y - a ring of fire
 N - a ring of positive energy (left tentacle)
Talismans
 b - a beast talisman
 c - a flux talisman (active)
Wands
 a - a wand of flame (15)
 r - a wand of paralysis (16)
 x - a wand of iceblast (7)
Scrolls
 d - 3 scrolls of immolation
 g - a scroll of fear
 i - a scroll of enchant armour {unknown}
 n - 2 scrolls of amnesia
 o - 2 scrolls of fog
 q - a scroll of silence
 s - a scroll of poison
 t - 4 scrolls of teleportation
 A - a scroll of revelation {unknown}
Potions
 h - a potion of ambrosia
 j - a potion of cancellation
 k - a potion of curing {unknown}
 l - 2 potions of brilliance {unknown}
 m - a potion of attraction {unknown}
 u - a potion of heal wounds {unknown}
 v - a potion of invisibility {unknown}
 w - a potion of resistance {unknown}
 z - a potion of mutation {unknown}


   Skills:
 + Level 6.6 Fighting
 - Level 2.0 Dodging
 + Level 8.9 Unarmed Combat
 + Level 9.5 Shapeshifting


You had 9 spell levels left.
You didn't know any spells.
Your spell library was empty.

Dungeon Overview and Level Annotations

Branches:
Dungeon (9/15)             Temple (1/1) D:7
   Lair: D:8-11         Orc: D:9-12

Altars:
Ashenzari
Cheibriados
Dithmenos
Elyvilon
Fedhas
Gozag
Hepliaklqana
Kikubaaqudgha
Makhleb
Nemelex Xobeh
Okawaru
Qazlal
Ru
Sif Muna
Trog
Uskayaw
Vehumet
Wu Jian
Xom
Yredelemnul
Zin
The Shining One

Shops:
D:7 :

Annotations:
D:2 1 runed translucent door, Crazy Yiuf
D:3 Robin


Innate Abilities, Weirdness & Mutations

You are something dangerously unstable.
You glow with magical radiation, making you easy to see and hit.
Foes you strike become dangerously contaminated with magical radiation.
You are incapable of wielding weapons or throwing items.
You cannot wear most types of armour.
You are amphibious.
You can wear up to eight rings at the same time.
Your skin changes colour to match your surroundings (Stealth+).
Your rubbery body absorbs attacks. (AC +1, EV +1)
((You are camouflaged when in or above water. (Stealth+)))
You have tentacles for arms and can constrict up to eight enemies at once.


Message History

The killer bee struggles to escape constriction. x2
The killer bee barely misses you.
You take 2 damage, and have 45/69 hp.
You tentacle-slap the killer bee.
The killer bee glows dangerously bright.
You squeeze the killer bee.
You kill the killer bee!
You feel sick. The killer bee stings you. x2
The killer bee barely misses you.
You take 7 damage, and have 38/69 hp.
You barely miss the killer bee. You grab the killer bee.
You squeeze the killer bee.
The killer bee is lightly wounded.
You constrict the killer bee.
You feel sick. The killer bee closely misses you. The killer bee stings you.
You take 6 damage, and have 32/69 hp.
You tentacle-slap the killer bee but do no damage.
The killer bee begins to glow.
The killer bee is lightly wounded.
You constrict the killer bee.
You feel sick. The killer bee closely misses you.
The killer bee barely misses you. The killer bee stings you!
The killer bee stings you.
* * * LOW HITPOINT WARNING * * *
You take 13 damage, and have 19/69 hp.
You tentacle-slap the killer bee.
The killer bee glows dangerously bright.
You squeeze the killer bee.
The killer bee is heavily wounded.
You constrict the killer bee.
You feel sick. The killer bee stings you!
* * * LOW HITPOINT WARNING * * *
The killer bee closely misses you. The killer bee barely misses you.
The killer bee closely misses you.
You take 9 damage, and have 10/69 hp.
It was a potion of cancellation.
You feel magically purged.
You constrict the killer bee.
You feel sick. The killer bee stings you.
* * * LOW HITPOINT WARNING * * *
You are lethally poisoned!
The killer bee poisons you! The killer bee closely misses you.
The killer bee stings you.
You die...

..#.............##...##..
........................
...........###.....####.
...........# #.......#
...........# #........<
...........###.........
....<....####..........
...#....####...........
.. #....By............
#.##y##.##........
#........#......#
...##..........# .....
#..##...#.y.. .... #.[
#...# # ... ...........
... .....##....... #.....
#....##...


You could see 2 killer bees.

Vanquished Creatures
  Harold (D:9)
  Grinder (D:3)
  A wyvern (D:8)
  Eustachio (D:5)
  An acid dragon (D:8)
  A water moccasin (D:7)
  Duvessa (D:7)
  An orc warrior (D:8)
  An ice beast (D:7)
  A sky beast (D:7)
  A black bear (D:7)
  2 ogres
  A centaur (D:9)
  2 kobold brigands (D:8)
  2 bullfrogs (D:8)
  3 scorpions
  Dowan (D:7)
  3 killer bees (D:9)
  A howler monkey (D:5)
  5 hounds
  3 jellies
  5 orc priests
  3 gnoll boudas
  2 sleepcaps
  Natasha (thrice) (D:2)
  2 iguanas (D:4)
  6 orc wizards
  Ijyb (D:3)
  5 adders
  15 gnolls
  3 white imps
  2 ufetubi
  A dart slug (D:2)
  30 orcs
  16 endoplasms
  3 giant cockroaches (D:4)
  16 goblins
  11 hobgoblins
  3 quokkas
  14 ball pythons
  8 bats
  2 frilled lizards
  14 kobolds
  3 rats
202 creatures vanquished.

Notes
Turn   | Place    | Note
-------+----------+-------------------------------------------
     0 | D:1      | Dirtsage the Octopode Shapeshifter began the quest for the
                  | Orb.
     0 | D:1      | Reached XP level 1. HP: 13/13 MP: 1/1
   192 | D:1      | Reached XP level 2. HP: 18/18 MP: 2/2
   500 | D:1      | Reached XP level 3. HP: 17/23 MP: 3/3
  1407 | D:2      | Found a runed translucent door.
  1408 | D:2      | Noticed Crazy Yiuf
  1553 | D:2      | Noticed Natasha
  1558 | D:2      | Killed Natasha
  1559 | D:2      | Reached skill level 4 in Shapeshifting
  1559 | D:2      | Reached XP level 4. HP: 28/28 MP: 4/4
  1587 | D:2      | Found a hide-covered altar of Uskayaw.
  1819 | D:2      | Found a faded altar of an unknown god.
  1821 | D:2      | Noticed Natasha
  1840 | D:2      | Killed Natasha
  1841 | D:2      | Reached XP level 5. HP: 21/33 MP: 5/5
  2023 | D:2      | Noticed Natasha
  2027 | D:2      | Killed Natasha
  2101 | D:3      | Noticed Robin
  2128 | D:3      | Noticed Grinder
  2377 | D:3      | Killed Grinder
  2378 | D:3      | Reached skill level 5 in Shapeshifting
  2378 | D:3      | Reached XP level 6. HP: 25/38 MP: 6/6
  2470 | D:3      | Found a radiant altar of Vehumet.
  2473 | D:3      | Found a sacrificial altar of Ru.
  2476 | D:3      | Found an ornate altar of the Wu Jian Council.
  2476 | D:3      | Found a burning altar of Makhleb.
  2477 | D:3      | Found a sparkling altar of Nemelex Xobeh.
  2480 | D:3      | Found a shimmering blue altar of Sif Muna.
  2481 | D:3      | Found a shimmering altar of Xom.
  2754 | D:3      | Noticed Ijyb
  2762 | D:3      | Killed Ijyb
  3004 | D:4      | Reached skill level 5 in Unarmed Combat
  3004 | D:4      | Reached skill level 6 in Shapeshifting
  3004 | D:4      | Reached XP level 7. HP: 28/43 MP: 7/7
  4008 | D:5      | Entered Level 5 of the Dungeon
  4335 | D:5      | Reached skill level 7 in Shapeshifting
  4453 | D:5      | Reached XP level 8. HP: 48/48 MP: 8/8
  4676 | D:5      | Noticed Eustachio
  4686 | D:5      | Killed Eustachio
  6221 | D:7      | Found a staircase to the Ecumenical Temple.
  6233 | Temple   | Entered the Ecumenical Temple
  6243 | Temple   | Became a worshipper of Elyvilon the Healer
  6315 | D:7      | Found a stormy altar of Qazlal.
  6368 | D:7      | Reached skill level 8 in Shapeshifting
  6467 | D:7      | Reached XP level 9. HP: 58/58 MP: 9/9
  6473 | D:7      | Found a glowing golden altar of the Shining One.
  6474 | D:7      | Found a basalt altar of Yredelemnul.
  6482 | D:7      | Found a glowing silver altar of Zin.
  6491 | D:7      | Fell from the grace of Elyvilon
  6491 | D:7      | Became a worshipper of the Shining One
  6504 | D:7      | Found an ancient bone altar of Kikubaaqudgha.
  6512 | D:7      | Found a snail-covered altar of Cheibriados.
  6787 | D:7      | Noticed Duvessa
  6788 | D:7      | Noticed Dowan
  6806 | D:7      | Killed Duvessa
  6812 | D:7      | Killed Dowan
  7260 | D:7      | Found Fucunuc's Tiny Tomes.
  7718 | D:8      | Reached skill level 5 in Fighting
  8407 | D:8      | Reached skill level 9 in Shapeshifting
  9614 | D:9      | Noticed Harold
  9626 | D:9      | Killed Harold
  9627 | D:9      | Reached XP level 10. HP: 36/69 MP: 10/10
  9803 | D:9      | Slain by a killer bee

Illustrated notes

Levels and vault maps discovered:
D:1:      onia_arrival_mini_spirals, layout_basic, minmay_hexomino_c4
D:2:      layout_loops_corners, basic_altar, nicolae_ecumenical_snake_handling,
          uniq_natasha, uniq_crazy_yiuf_cottage
D:3:      cheibrodos_old_hovel, layout_rooms, minitemple, uniq_robin, uniq_ijyb,
          uniq_grinder
D:4:      layout_loops_ring
D:5:      layout_cave_pods, st_stairs_5, uniq_eustachio
D:6:      layout_basic
D:7:      layout_rooms, minmay_overflow_temple_star_hex,
          mainiacjoe_overflow_paths, minmay_temple_entry_statues_pillars,
          nicolae_shop_i_like_small_books_too, minmay_stone_trees_small,
          uniq_duvessa
D:8:      layout_layer_cave
D:9:      layout_cave_pools, nicolae_twisty_statue_hallways, uniq_jeremiah,
          uniq_harold
Temple:   dpeg_three_leaves_temple

Skill      XL: |  1  2  3  4  5  6  7  8  9 |
---------------+----------------------------+-----
Shapeshifting  | 4 5 6 7 8 9 |  9.5
Unarmed Combat | 4 5 7 8 |  8.9
Fighting       | 3 6 |  6.6
Dodging        | |  2.0

Action                     |  1- 3 |  4- 6 |  7- 9 | 10-12 || total
---------------------------+-------+-------+-------+-------++-------
  Melee: Unarmed           |    62 |    82 |   338 |    13 ||   495
         Constrict         |    13 |    14 |    93 |     4 ||   124
         Tentacles         |    11 |    12 |    78 |     7 ||   108
         Punch             |     3 |     2 |     3 |       ||     8
  Evoke: Wand              |       |       |     4 |       ||     4
    Use: Scroll            |     4 |       |     7 |       ||    11
         Potion            |       |     1 |     2 |     1 ||     4
   Stab: Sleeping          |     5 |     4 |     3 |       ||    12
 Armour: Skin              |    22 |    56 |   167 |    17 ||   262
  Dodge: Dodged            |    39 |    50 |   153 |    22 ||   264
   Form: Flux              |       |       |     1 |       ||     1

Table legend: (Time is in decaauts)
 A = Elapsed time spent in this place.
 B = Non-inter-level travel time spent in this place.
 C = Inter-level travel time spent in this place.
 D = Time resting spent in this place.
 E = Time spent auto-exploring this place.
 F = Levels seen in this place.
 G = Mean time per level.
                   A        B        C        D        E       F      G
               +--------+--------+--------+--------+--------+-----+--------+
         Total |   9755 |   9304 |    451 |   2036 |   5844 |  10 |  975.5 |
       Dungeon |   9734 |   9292 |    442 |   2036 |   5844 |   9 | 1081.6 |
        Temple |     20 |     11 |      9 |      0 |      0 |   1 |   20.0 |
               +--------+--------+--------+--------+--------+-----+--------+

Top non-repeatable levels by time:
     D:8: 1978 daAuts
     D:2: 1293 daAuts
     D:7: 1255 daAuts
     D:4: 1203 daAuts
     D:5: 1178 daAuts
     D:1: 1097 daAuts
     D:6: 933 daAuts
     D:3: 582 daAuts
     D:9: 211 daAuts
  Temple: 20 daAuts
